AoeStats
← Michi3052

Migration

508338523Analyzed
1v1 RM · 11d ago on Sep 22, 2026· 54m 14s· 2 players
Game mode
Random Map
Map size
132×132
Population
200
Speed
Normal
Resources
Standard
Victory
Conquest
Starting age
Dark Age
Ending age
Imperial Age
RankedLock teamsTeams togetherTeam positionsShared explorationLock speedFull tech treeHidden civsTurbo modeCheats
Victory
Defeat
🇺🇸 Malay · United States
754
+14
🇪🇸 Huns · Spain
718
-14
OwnDMoney1313
12:27 Feudal Age
12:09 Double-Bit Axe
14:25 Wheelbarrow
14:16 Fishing Lines
22:06 Castle Age
19:52 Loom
19:54 Town Watch
20:51 Stone Mining
22:20 Bow Saw
24:21 Forging
25:13 Demolition Ship
26:04 Medium Warships
25:45 Gillnets
26:24 Hand Cart
26:09 Horse Collar
28:34 Heavy Plow
30:49 Iron Casting
30:51 Town Patrol
30:55 Gold Mining
32:06 Thalassocracy
37:54 Imperial Age
38:30 Heavy Warships
40:46 Pikeman
41:00 Elite Karambit Warrior
44:38 Siphons
44:55 Ballistics
45:36 Chemistry
44:56 Shipwright
44:32 Murder Holes
44:18 Treadmill Crane
45:11 Forced Levy
45:32 Conscription
47:08 Blast Furnace
46:14 Scale Barding Armor
47:02 Halberdier
47:03 Man-at-Arms
49:38 Elite Cannon Galleon
51:06 Bombard Tower
50:58 Masonry
50:59 Clinker Construction
50:59 Careening
51:58 Conscription
52:43 Long Swordsman
Michi3052
13:17 Feudal Age
14:18 Double-Bit Axe
14:32 Gold Mining
14:25 Horse Collar
15:29 Fishing Lines
16:38 Loom
22:39 Castle Age
21:00 Stone Mining
22:02 Scale Barding Armor
22:08 Forging
23:46 Bloodlines
29:32 Wheelbarrow
28:42 Town Watch
30:06 Gillnets
30:32 Medium Warships
38:17 Imperial Age
40:50 Conscription
44:02 Gold Shaft Mining
44:05 Iron Casting
43:51 Chain Barding Armor
52:19 Fletching
51:59 Elite Tarkan
Connection lost

Rejoining the realm…

Still unreachable

The connection could not be restored.

Session expired

The server has moved on; the page needs a fresh start.